 Dungeon Crawl Stone Soup version 0.23.2-1-ga50397a (webtiles) character file.

Game seed: 11021277256552337055

431 MalarOregon the Poker (level 6, -6/48 HPs)
             Began as a Merfolk Gladiator on May 19, 2019.
             Mangled by Pikel
             ... wielding a +1 whip of electrocution
              (20 damage)
             ... on level 3 of the Dungeon.
             The game lasted 00:05:37 (2233 turns).

MalarOregon the Poker (Merfolk Gladiator)           Turns: 2233, Time: 00:05:37

Health: -6/48      AC:  8    Str: 13 (15) XL:     6   Next: 99%
Magic:  6/6        EV: 14    Int:  8 (9)  God:
Gold:   101        SH:  0    Dex: 13 (15) Spells: 5/5 levels left

rFire    . . .     SeeInvis .   a - +1 trident
rCold    . . .     Gourm    .   (no shield)
rNeg     . . .     Faith    .   b - +0 leather armour
rPois    .         Spirit   .   c - +0 helmet
rElec    .         Reflect  .   k - +1 cloak
rCorr    .         Harm     .   l - +0 pair of gloves
MR       .....                  j - +0 pair of boots
Stlth    +.........             (no amulet)
HPRegen  0.16/turn              (no ring)
MPRegen  0.10/turn              (no ring)

@: no status effects
A: change form in water, swift swim, stealthy swim
a: no special abilities


You were on level 3 of the Dungeon.
You were not hungry.

You visited 1 branch of the dungeon, and saw 4 of its levels.

You collected 101 gold pieces.

Inventory:

Hand Weapons
 a - a +1 trident (weapon)
Missiles
 d - 3 throwing nets {!f}
 g - 20 stones (quivered)
Armour
 b - a +0 leather armour (worn)
 c - a +0 helmet (worn)
 j - a +0 pair of boots (worn)
   (You found it on level 1 of the Dungeon)
 k - a +1 cloak (worn)
   (You found it on level 4 of the Dungeon)
 l - a +0 pair of gloves (worn)
   (You found it on level 1 of the Dungeon)
Scrolls
 h - 3 scrolls of identify {@r1}
 m - 2 scrolls of remove curse {@r2}
Potions
 o - 2 potions of mutation {!q}
Comestibles
 e - 3 rations {!d}
 f - 6 chunks of flesh


   Skills:
 + Level 4.0 Fighting
 * Level 7.7 Polearms
 + Level 3.5 Throwing
 + Level 5.7 Dodging


You had 5 spell levels left.
You didn't know any spells.
Your spell library was empty.

Dungeon Overview and Level Annotations

Branches:
Dungeon (4/15)             Temple (0/1) D:4

Altars:
Vehumet

Annotations:
D:3 Pikel


Message History

Pikel waves a pair of manacles at you. Pikel barely misses you.
The hobgoblin completely misses you.
You barely miss Pikel.
The slave shouts!
You hear a shout! x2
Pikel hits you with a +1 whip of electrocution.
You are electrocuted!
* * * LOW HITPOINT WARNING * * *
The hobgoblin hits you but does no damage.
You hear a shout!
A slave comes into view.
You hear a shout! x2
The slave moves out of view.
Pikel says, "You'll fetch a fair price!"
A slave comes into view.
The slave shouts!
You hear a shout!
The hobgoblin misses you.
A goblin comes into view. It is wielding a +0 dagger.
A goblin comes into view.
The goblin shouts!
There is a stone staircase leading up here.
The hobgoblin closely misses you. Pikel waves his whip at you.
Pikel misses you.
You climb upwards.
An ooze comes into view.
The ooze barely misses you.
Found a scroll of enchant weapon.
There is a stone staircase leading down here.
The ooze misses you. Pikel misses you. The ooze barely misses you.
You puncture the ooze! You hit the ooze.
You kill the ooze!
You hit the hobgoblin. The hobgoblin hits you with a +0 club.
* * * LOW HITPOINT WARNING * * *
You barely miss the hobgoblin.
The hobgoblin hits you but does no damage.
You puncture the hobgoblin!
You kill the hobgoblin!
You puncture Pikel!
Pikel hits you with a +1 whip of electrocution.
* * * LOW HITPOINT WARNING * * *
You hit Pikel but do no damage. Pikel closely misses you.
You hit Pikel but do no damage. Pikel closely misses you.
You hit Pikel.
Pikel hits you with a +1 whip of electrocution.
* * * LOW HITPOINT WARNING * * *
You hit Pikel but do no damage. Pikel hits you but does no damage.
You are electrocuted!!
You die...

#####
##..@##
#.♣K♣.#
+..>..#
#.♣?♣.#
##...##
#####


You could see Pikel.

Vanquished Creatures
  A centaur (D:4)
  A hound (D:4)
  2 iguanas (D:4)
  Natasha (D:2)
  2 worker ants (D:4)
  3 gnolls (D:4)
  7 adders
  A river rat (D:4)
  An ooze (D:3)
  6 worms
  A dart slug (D:1)
  5 leopard geckos (D:4)
  2 orcs (D:4)
  A giant cockroach (D:1)
  4 goblins
  4 hobgoblins
  13 jackals
  4 kobolds
  A ball python (D:2)
  2 bats
  9 frilled lizards
  9 rats
80 creatures vanquished.

Vanquished Creatures (others)
  3 plants (D:4)
3 creatures vanquished.

Grand Total: 83 creatures vanquished

Notes
Turn   | Place    | Note
-------+----------+-------------------------------------------
     0 | D:1      | MalarOregon the Merfolk Gladiator began the quest for the
                  | Orb.
     0 | D:1      | Reached XP level 1. HP: 16/16 MP: 1/1
   184 | D:1      | Reached XP level 2. HP: 14/23 MP: 2/2
   533 | D:1      | Reached skill level 5 in Polearms
   724 | D:1      | Reached XP level 3. HP: 28/28 MP: 3/3
   847 | D:2      | You fall through a shaft for 2 floors!
  1035 | D:3      | Found a radiant altar of Vehumet.
  1044 | D:2      | Reached XP level 4. HP: 34/34 MP: 4/4
  1168 | D:2      | Noticed Natasha
  1174 | D:2      | Killed Natasha
  1214 | D:2      | You fall through a shaft for 2 floors!
  1252 | D:4      | Reached skill level 6 in Polearms
  1280 | D:4      | Reached XP level 5. HP: 30/41 MP: 5/5
  1297 | D:4      | Noticed a centaur
  1320 | D:4      | Killed a centaur
  1320 | D:4      | Reached skill level 5 in Dodging
  1326 | D:4      | Found a staircase to the Ecumenical Temple.
  1333 | D:4      | Reached XP level 6. HP: 8/47 MP: 6/6
  1455 | D:4      | Reached skill level 7 in Polearms
  2199 | D:4      | Noticed Pikel
  2207 | D:4      | Noticed a slave
  2211 | D:4      | Noticed a slave
  2213 | D:4      | Noticed a slave
  2216 | D:4      | Noticed a slave
  2233 | D:3      | Mangled by Pikel

Skill      XL: |  1  2  3  4  5  6 |
---------------+-------------------+-----
Polearms       | 5 6 7 |  7.7
Fighting       | 3 4 |  4.0
Throwing       | 3 |  3.5
Dodging        | 5 |  5.7

Action                   |  1- 3 |  4- 6 || total
-------------------------+-------+-------++-------
Melee: Trident           |   105 |   221 ||   326
       Tailslap          |       |     4 ||     4
Throw: Stone             |    16 |     7 ||    23
  Use: Scroll            |       |     5 ||     5
       Potion            |       |     2 ||     2
 Stab: Sleeping          |     2 |     1 ||     3
       Distracted        |       |     1 ||     1
  Eat: Chunk             |     1 |     4 ||     5
Armor: Leather armour    |    18 |    38 ||    56
       Skin              |       |    15 ||    15
Dodge: Dodged            |    56 |   146 ||   202
